 Dungeon Crawl Stone Soup version 0.24-a0-528-g98e85ec62a (webtiles) character file.

Game seed: 7390278395931409856

590 BinkBink the Poker (level 7, -3/52 HPs)
             Began as a Demonspawn Gladiator on Aug 6, 2019.
             Shot with an arrow by a centaur (9 damage)
             ... on level 5 of the Dungeon.
             The game lasted 00:06:29 (4804 turns).

BinkBink the Poker (Demonspawn Gladiator)           Turns: 4804, Time: 00:06:30

Health: -3/52      AC:  8    Str: 15    XL:     7   Next: 16%
Magic:  7/7        EV:  9    Int:  9    God:
Gold:   270        SH: 12    Dex: 16    Spells: 6/6 levels left

rFire    + . .     SeeInvis .   a - +0 trident
rCold    . . .     Gourm    .   t - +0 large shield
rNeg     . . .     Faith    .   b - +0 leather armour
rPois    .         Spirit   .   B - +0 helmet
rElec    .         Reflect  .   (no cloak)
rCorr    .         Harm     .   v - +2 pair of gloves
MR       .....                  w - +0 pair of boots
Stlth    ++........             (no amulet)
HPRegen  0.17/turn              (no ring)
MPRegen  0.10/turn              (no ring)

@: no status effects
A: talons 2, fire resistance 1
a: no special abilities


You were on level 5 of the Dungeon.
You were hungry.

You visited 1 branch of the dungeon, and saw 5 of its levels.

You collected 270 gold pieces.

Inventory:

Hand Weapons
 a - a +0 trident (weapon)
 l - a +0 scythe
 C - a +0 fustibalus
Missiles
 d - 3 throwing nets (quivered)
Armour
 b - a +0 leather armour (worn)
 c - a +0 helmet
 t - a +0 large shield (worn)
 v - a +2 pair of gloves (worn)
 w - a +0 pair of boots (worn)
 B - a +0 helmet (worn)
Jewellery
 u - an uncursed ring of positive energy {unknown}
 z - an uncursed ring of poison resistance {unknown}
Scrolls
 g - 4 scrolls of remove curse {unknown}
 h - 7 scrolls of identify {unknown}
 i - 2 scrolls of fog {unknown}
 j - 4 scrolls of teleportation {unknown}
 k - 4 scrolls of enchant weapon {unknown}
 m - 2 scrolls of fear {unknown}
 n - a scroll of magic mapping {unknown}
 q - a scroll of random uselessness {unknown}
 y - a scroll of blinking {unknown}
Potions
 e - a potion of heal wounds {unknown}
 o - a potion of lignification {unknown}
 p - a potion of degeneration {unknown}
 r - a potion of cancellation {unknown}
 s - a potion of agility {unknown}
 x - 2 potions of curing {unknown}
Comestibles
 f - 8 rations


   Skills:
 + Level 3.1 Fighting
 + Level 5.6 Polearms
 + Level 2.2 Throwing
 + Level 2.0 Armour
 + Level 3.6 Dodging
 + Level 1.3 Stealth
 + Level 1.4 Shields


You had 6 spell levels left.
You didn't know any spells.
Your spell library contained the following spells:

 Spells                   Type           Power        Failure   Level  Hunger
 Summon Small Mammal      Summ           #...         100%        1    ##.....
 Call Imp                 Summ           #.......     100%        2    ###....
 Call Canine Familiar     Summ           #.......     100%        3    ####...
 Summon Guardian Golem    Hex/Summ       #.......     100%        3    ####...
 Summon Ice Beast         Ice/Summ       #.......     100%        4    #####..
 Summon Lightning Spire   Summ/Air       #.......     100%        4    #####..


Dungeon Overview and Level Annotations

Branches:
Dungeon (5/15)
 Temple: D:4-7

Altars:
Elyvilon
Fedhas
Gozag
Kikubaaqudgha
Qazlal
Wu Jian
Zin

Annotations:
D:5 Menkaure


Innate Abilities, Weirdness & Mutations

You have razor-sharp toenails.
Your flesh is heat resistant. (rF+)


Message History

You are too injured to fight recklessly!
You see here an adder corpse.
The jackal barely misses you.
Menkaure calls on the powers of darkness!
The jackal convulses!
The centaur convulses!
The jackal convulses! x2
Your body is wracked with pain!
* * * LOW HITPOINT WARNING * * *
You block the jackal's attack.
The jackal bites you but does no damage.
The centaur wields a +0 shortbow.
The centaur shoots an arrow.
The arrow hits you.
* * * LOW HITPOINT WARNING * * *
You see here an arrow.
The jackal bites you.
* * * LOW HITPOINT WARNING * * *
You block the jackal's attack. The jackal barely misses you.
The jackal bites you but does no damage.
The centaur shoots an arrow.
The arrow hits you!
You die...

.P.....########...
#.##..#...#..#
.......# #..#
#.##..#.#.†.##
....##.########..#
#.##....#..##
##...........##..#
#.###.#...##
#.#########....#
#.†<#.....# #.
##...# ###.#.....#
#. #...#
####.5....## #.
###.###.....##......
#†@.c.#.(.##.#####
#.hhh......#.#
#.#######....# #.#
### #.#...# ..# ###
#.#..... ##.+ ._.
+.....## #.# #.# #..
..# #. #.# ... .#
#+#


You could see a centaur, a crimson imp and 3 jackals.

Vanquished Creatures
  Sigmund (D:2)
  A scorpion (D:4)
  A hound (D:4)
  5 worker ants
  Robin (D:3)
  3 gnolls (D:4)
  9 adders
  An adder skeleton (D:4)
  6 worms
  A dart slug (D:1)
  4 leopard geckos
  11 orcs
  3 bats
  2 giant cockroaches
  11 goblins
  7 hobgoblins
  3 jackals (D:5)
  2 quokkas
  3 ball pythons
  5 frilled lizards
  4 kobolds
  A quokka skeleton (D:5)
  5 rats
90 creatures vanquished.

Notes
Turn   | Place    | Note
-------+----------+-------------------------------------------
     0 | D:1      | BinkBink the Demonspawn Gladiator began the quest for the
                  | Orb.
     0 | D:1      | Reached XP level 1. HP: 16/16 MP: 1/1
   198 | D:1      | Reached skill level 3 in Polearms
   198 | D:1      | Gained mutation: You have sharp toenails. [demonic
                  | ancestry]
   198 | D:1      | Reached XP level 2. HP: 20/22 MP: 2/2
   638 | D:2      | Noticed Sigmund
   651 | D:2      | HP: 1/22 [Sigmund/+0 scythe (6)]
   658 | D:2      | Killed Sigmund
   658 | D:2      | Reached skill level 4 in Polearms
   658 | D:2      | Reached skill level 1 in Armour
   658 | D:2      | Reached XP level 3. HP: 2/28 MP: 3/3
   658 | D:2      | Gained mutation: Your flesh is heat resistant. (rF+)
                  | [demonic ancestry]
   658 | D:2      | Reached XP level 4. HP: 3/34 MP: 4/4
   658 | D:2      | Reached XP level 5. HP: 3/39 MP: 5/5
  2567 | D:3      | Found an opulent altar of Gozag.
  2578 | D:3      | Noticed Robin
  2602 | D:3      | Gained mutation: You have razor-sharp toenails. [demonic
                  | ancestry]
  2602 | D:3      | Reached XP level 6. HP: 23/46 MP: 6/6
  2609 | D:3      | Reached skill level 5 in Polearms
  2615 | D:3      | Killed Robin
  2819 | D:3      | Found an ornate altar of the Wu Jian Council.
  3208 | D:3      | Found a faded altar of an unknown god.
  3348 | D:4      | Reached skill level 1 in Stealth
  3521 | D:4      | Found a glowing silver altar of Zin.
  4037 | D:4      | Reached skill level 1 in Shields
  4042 | D:4      | Found an ancient bone altar of Kikubaaqudgha.
  4246 | D:4      | Reached XP level 7. HP: 48/52 MP: 7/7
  4418 | D:5      | Entered Level 5 of the Dungeon
  4427 | D:5      | Found a white marble altar of Elyvilon.
  4721 | D:5      | Found a blossoming altar of Fedhas.
  4766 | D:5      | Found a stormy altar of Qazlal.
  4789 | D:5      | Noticed Menkaure
  4804 | D:5      | Shot with an arrow by a centaur

Levels and vault maps discovered:
D:1:      dpeg_arrival_rhombi, layout_basic, chequers_jeans
D:2:      layout_basic, uniq_sigmund
D:3:      layout_loops_ring, nicolae_gozag_seed_capital, lemuel_crystal_altar,
          chequers_ecumenical_altar_lobes, minmay_misc_feat_pillars, uniq_robin
D:4:      layout_basic, kiku_gazebo_pond_becter, first_ration,
          roderic_lattice_a, lemuel_tele_altar
D:5:      layout_rooms, lemuel_doored_altar, fedhas_altar_1, elyvilon_altar_1,
          chequers_decorated_corner, dk_rats_in_the_wall, uniq_menkaure

Skill      XL: |  1  2  3  4  5  6  7 |
---------------+----------------------+-----
Polearms       | 3 4 5 |  5.6
Throwing       | 2 |  2.2
Armour         | 1 2 |  2.0
Dodging        | 3 |  3.6
Stealth        | 1 |  1.3
Fighting       | 3 |  3.1
Shields        | 1 |  1.4

Action                   |  1- 3 |  4- 6 |  7- 9 || total
-------------------------+-------+-------+-------++-------
Melee: Trident           |    40 |   259 |    71 ||   370
       Kick              |     3 |    34 |       ||    37
 Stab: Sleeping          |       |     9 |     2 ||    11
  Eat: Chunk             |       |    10 |     2 ||    12
Armor: Leather armour    |     6 |    46 |    14 ||    66
Dodge: Dodged            |    16 |    93 |    33 ||   142
Block: Large shield      |       |    91 |    46 ||   137

Table legend:
 A = Non-vault XP
 B = Vault XP
 C = Vault XP percentage of total XP
 D = Non-vault monster count
 E = Vault monster count
 F = Vault count percentage of total count
                 A         B        C        D         E       F
            +---------+---------+-------+---------+---------+-------
      Total |     580 |     264 |  31.3 |      77 |      13 |  14.4
            +---------+---------+-------+---------+---------+-------
        D:1 |      19 |       0 |   0.0 |      10 |       0 |   0.0
        D:2 |      96 |     227 |  70.3 |      18 |       1 |   5.3
        D:3 |      69 |      37 |  34.9 |      17 |      12 |  41.4
        D:4 |     291 |       0 |   0.0 |      22 |       0 |   0.0
        D:5 |     105 |       0 |   0.0 |      10 |       0 |   0.0
            +---------+---------+-------+---------+---------+-------
